 Dungeon Crawl Stone Soup version 0.17.0-9-g801d43b (webtiles) character file.

425 radek the Digger (level 6, -4/32 HPs)
             Began as a Gargoyle Earth Elementalist on Nov 9, 2015.
             Slain by an ogre
             ... wielding a +0 giant club
              (14 damage)
             ... on level 5 of the Dungeon.
             The game lasted 00:19:43 (5171 turns).

radek the Digger (Gargoyle Earth Elementalist)      Turns: 5171, Time: 00:19:43

Health: -4/32      AC: 13    Str: 12    XL:     6   Next: 96%
Magic:  5/14       EV: 14    Int: 17    God:
Gold:   82         SH:  0    Dex: 10    Spells: 2 memorised, 9 levels left

rFire  . . .     SeeInvis .     y - +0 short sword (protect)
rCold  . . .     Clarity  .     b - +0 robe
rNeg   + . .     SustAt   +     (no shield)
rPois  ∞         Gourm    .     C - +0 helmet (curse)
rElec  +         Spirit   .     m - +0 cloak
rCorr  .         Warding  .     (no gloves)
rMut   .         Stasis   .     (no boots)
MR     .....                    (no amulet)
Stlth  ++........               z - ring of sustain attributes
                                f - +2 ring of evasion

@: not resistant to hostile enchantments, unstealthy
A: negative energy resistance 1, electricity resistance, unbreathing,
petrification resistance, rot immunity, AC +4
a: no special abilities


You were on level 5 of the Dungeon.
You were not hungry.

You visited 1 branch of the dungeon, and saw 5 of its levels.

You collected 112 gold pieces.
You spent 30 gold pieces at shops.

Inventory:

Hand Weapons
 h - a +0 dagger
 l - a +0 short sword of flaming
 y - a +0 short sword of protection (weapon)
 A - a +2 dagger of holy wrath
Missiles
 a - 159 stones (quivered)
Armour
 b - a +0 robe (worn)
 m - a +0 cloak (worn)
 C - a cursed +0 helmet (worn)
Jewellery
 f - a +2 ring of evasion (left hand)
 o - an uncursed ring of flight
 z - a ring of sustain attributes (right hand)
Wands
 w - a wand of magic darts (33)
Scrolls
 e - a scroll of identify {unknown}
 j - 2 scrolls of amnesia {unknown}
 n - a scroll of immolation {unknown}
 q - a scroll of magic mapping {unknown}
 r - 4 scrolls of teleportation {unknown}
 t - 4 scrolls of remove curse {unknown}
 x - a scroll of noise {unknown}
Potions
 g - a potion of lignification {unknown}
 i - 2 potions of flight {unknown}
 k - 2 potions of heal wounds {unknown}
 u - 4 potions of haste {unknown}
 v - a potion of mutation {unknown}
 B - 3 potions of curing
Books
 c - a book of Geomancy

   Spells                             Type                      Level
   a - Sandblast                      Earth                        1
   b - Stoneskin                      Transmutation/Earth          2
   c - Passwall                       Transmutation/Earth          3
   d - Stone Arrow                    Conjuration/Earth            3
   e - Petrify                        Transmutation/Earth          4
   f - Lee's Rapid Deconstruction     Earth                        5
Comestibles
 d - 4 bread rations
 p - 3 beef jerkies


   Skills:
 - Level 1.5 Dodging
 - Level 2.1 Stealth
 * Level 5.4 Spellcasting
   Level 0.7 Transmutations
 + Level 6.0 Earth Magic


You had 9 spell levels left.
You knew the following spells:

 Your Spells              Type           Power        Failure   Level  Hunger
a - Sandblast             Erth           ####..       1%          1    None
b - Lee's Rapid Deconstr  Erth           ####......   38%         5    ######.


Dungeon Overview and Level Annotations

Branches:
Dungeon (5/15)
 Temple: D:4-7

Altars:
Dithmenos
Makhleb
Nemelex Xobeh
Okawaru
Sif Muna
Yredelemnul

Shops:
D:4 *

Annotations:
D:4 1 exclusion


Innate Abilities, Weirdness & Mutations

You are resistant to torment.
Your stone body is resilient (AC +4).
You are immune to poison.
You resist negative energy.
You are resistant to electric shocks.
You can survive without breathing.
You are immune to petrification.
You are immune to rotting.


Message History

The blast of sand hits the giant frog skeleton.
You destroy the giant frog skeleton!
Your Earth Magic skill increases to level 6!
You start resting.
An ogre comes into view. It is wielding a giant club.
Casting: Sandblast
Confirm with . or Enter, or press ? or * to list all spells.
Aiming: Sandblast
Press: ? - help, Shift-Dir - straight line, f - ogre
Aim: an ogre, wielding a giant club (hasn't noticed you)
The blast of sand hits the ogre.
The ogre is moderately wounded.
The ogre shouts!
You hear a shout!
The ogre hits you with a giant club!
* * * LOW HITPOINT WARNING * * *
You see here a hand axe.
Items here: ) [ †† a dagger; a robe; an orc corpse; an adder corpse The ogre hits you with a giant club!
You die...

## #............. #.
#.. #..........>..
#.#.#.####)..###.....
........))†........##
#.#.###.###.........
#.##.##.#######.#
#..<...# #.#....### #
##@#...# #.O.#.#
##..#.# ...# . .####
# .. #. #. #


You could see an ogre.

Vanquished Creatures
  An ogre (D:4)
  A hound (D:3)
  A giant frog skeleton (D:5)
  4 orc wizards
  Robin (D:3)
  5 adders
  A worm (D:2)
  3 giant geckos
  14 orcs
  8 bats
  6 giant cockroaches
  2 gnoll zombies (D:3)
  5 hobgoblins
  2 ball pythons
  A giant gecko skeleton (D:4)
  4 giant newts
  17 goblins
  8 kobolds
  A quokka skeleton (D:4)
  6 rats
91 creatures vanquished.

Notes
Turn   | Place    | Note
--------------------------------------------------------------
     0 | D:1      | radek the Gargoyle Earth Elementalist began the quest for the Orb.
     0 | D:1      | Reached XP level 1. HP: 10/10 MP: 3/3
   340 | D:1      | Reached XP level 2. HP: 15/15 MP: 3/5
   806 | D:1      | Reached skill level 4 in Earth Magic
  1093 | D:2      | Reached XP level 3. HP: 12/19 MP: 0/7
  1952 | D:3      | Reached XP level 4. HP: 12/24 MP: 0/9
  2156 | D:3      | Noticed Robin
  2259 | D:3      | Killed Robin
  2651 | D:3      | Reached XP level 5. HP: 25/28 MP: 4/10
  2731 | D:3      | Found a burning altar of Makhleb.
  2732 | D:3      | Found a sparkling altar of Nemelex Xobeh.
  2795 | D:3      | Reached skill level 5 in Earth Magic
  3051 | D:3      | Learned a level 5 spell: Lee's Rapid Deconstruction
  3452 | D:3      | Found a basalt altar of Yredelemnul.
  3538 | D:3      | Found an iron altar of Okawaru.
  3546 | D:3      | Found a deep blue altar of Sif Muna.
  3992 | D:4      | Noticed an ogre
  3996 | D:4      | Killed an ogre
  3996 | D:4      | Reached skill level 5 in Spellcasting
  3996 | D:4      | Reached XP level 6. HP: 32/32 MP: 8/13
  4478 | D:4      | Found Neggaac's General Store.
  4558 | D:4      | Bought a potion of curing for 30 gold pieces
  5019 | D:4      | Found a shadowy altar of Dithmenos.
  5113 | D:5      | Entered Level 5 of the Dungeon
  5141 | D:5      | Reached skill level 6 in Earth Magic
  5171 | D:5      | Slain by an ogre

Action                   |  1- 3 |  4- 6 || total
-------------------------+-------+-------++-------
Melee: Dagger            |     5 |     9 ||    14
       Unarmed           |     4 |       ||     4
       Short sword       |    36 |    13 ||    49
 Cast: Sandblast         |    70 |   125 ||   195
       Lee's Rapid Decon |       |     2 ||     2
 Abil: Evoke Flight      |     2 |       ||     2
  Eat: Chunk             |     4 |     4 ||     8
       Pizza             |       |     1 ||     1
       Meat ration       |       |     1 ||     1
